 Dungeon Crawl Stone Soup version 0.21-a0-265-gb353147 (webtiles) character file.

378 nikopol the Poker (level 6, 0/56 HPs)
             Began as a Minotaur Berserker on Sept 11, 2017.
             Was a Believer of Trog.
             Slain by Pikel
             ... wielding a +1 whip of freezing
              (6 damage)
             ... on level 4 of the Dungeon.
             The game lasted 00:05:59 (3111 turns).

nikopol the Poker (Minotaur Berserker)              Turns: 3111, Time: 00:06:00

Health: 0/56       AC:  4    Str: 22    XL:     6   Next: 45%
Magic:  5/5        EV: 11    Int:  4    God:    Trog [**....]
Gold:   217        SH:  0    Dex: 11    Spells: 5/5 levels left

rFire    . . .     SeeInvis .   a - +0 spear
rCold    . . .     Gourm    .   (no shield)
rNeg     . . .     Faith    .   d - +0 scale mail
rPois    .         Spirit   .   (helmet restricted)
rElec    .         Reflect  .   (no cloak)
rCorr    .         Harm     .   (no gloves)
MR       .....                  i - +0 pair of boots
Stlth    ..........             (no amulet)
HPRegen  0.18/turn              (no ring)
MPRegen  0.09/turn              (no ring)

@: corroded, berserk cooldown, slowed, very slow
A: retaliatory headbutt, horns 2
a: Berserk, Trog's Hand, Burn Spellbooks, Renounce Religion


You were on level 4 of the Dungeon.
You worshipped Trog.
Trog was pleased with you.
You were not hungry.

You visited 1 branch of the dungeon, and saw 4 of its levels.

You collected 217 gold pieces.

Inventory:

Hand Weapons
 a - a +0 spear (weapon)
Missiles
 u - 38 arrows
Armour
 b - a +0 animal skin
 d - a +0 scale mail (worn)
 i - a +0 pair of boots (worn)
Jewellery
 f - an uncursed ring of wizardry {unknown}
 w - a +4 ring of dexterity {unknown}
Wands
 x - a wand of random effects (20/48)
Scrolls
 e - 4 scrolls of identify
 j - 2 scrolls of noise
 r - a scroll of magic mapping
 t - 4 scrolls of remove curse {unknown}
 v - 2 scrolls of recharging {unknown}
 y - a scroll of teleportation {unknown}
 z - a scroll of enchant weapon {unknown}
Potions
 h - a potion of haste {unknown}
 k - a potion of flight {unknown}
 l - a potion of ambrosia {unknown}
 n - 5 potions of curing
 o - a potion of agility {unknown}
 s - 2 potions of brilliance {unknown}
 B - a potion of might {unknown}
Comestibles
 c - 3 bread rations
 g - a meat ration
 m - a royal jelly
 A - a chunk of flesh


   Skills:
 + Level 5.0 Fighting
 + Level 6.0 Polearms
 + Level 4.8 Armour
 + Level 3.4 Dodging


You had 5 spell levels left.
You didn't know any spells.

Dungeon Overview and Level Annotations

Branches:
Dungeon (4/15)
 Temple: D:4-7

Altars:
Fedhas
Ru
Trog

Annotations:
D:4 Pikel


Innate Abilities, Weirdness & Mutations

You reflexively headbutt those who attack you in melee.
You have a pair of horns on your head.


Message History

This raw flesh tastes terrible.
You feel your anger subside.
Pikel the Slaver comes into view.
He is wielding a whip of freezing.
You are no longer berserk.
You are exhausted.
You feel yourself slow down.
Things that are here:
a hand axe; 13 stones
Things that are here:
a dagger; a robe You hear the slow hiss of a distant avalanche of sand.
Pikel zaps a wand.
The bolt of acid hits you!
You are splashed with acid!
The acid burns!
It is a wand of acid (?/15).
Pikel zaps a wand.
The bolt of acid hits you!
* * * LOW HITPOINT WARNING * * *
The acid corrodes you!
You are splashed with acid!
The acid burns!
* * * LOW HITPOINT WARNING * * *
Your magical contamination has completely faded away.
Pikel hits you with a whip of freezing.
You die...

,,,,,,,,,*,*,,,,,,,,*,,*
,,,,,,,,,*,*,,,,,,,,,,,*
,,,,,**,**,*,,,..,,,*.#*
,,,,**,,,****,,*.###*.#
,,***,,,,,***,**,..#*.#
,,,*,,,,,,,*,,*###.##.###
,,,,,,,_,,,,,,*#........##
,,,*,,,,,,,*,,*#.........##
*,***,,,,,**,,*#@.........#
,,,,**,,,******#K.........#
,,*****,**** #..........#
****,,,,*,,* #..........# *
**,*****,* ##.........#
***,,* *,* ##.......##
*,,,** #,* #.........#
,,*** #<* #.p.p.....# ****
#.* #.........#


You could see Pikel and 2 slaves.

Vanquished Creatures
  The ghost of Gruesome the Chopper, an amateur FoFi (D:3)
  A bullfrog (D:4)
  An orc wizard (D:4)
  4 gnolls (D:2)
  4 adders
  An ooze (D:3)
  2 dart slugs (D:1)
  A leopard gecko (D:1)
  6 orcs
  3 ball pythons (D:3)
  3 giant cockroaches (D:1)
  12 goblins
  7 hobgoblins
  7 jackals
  A quokka (D:2)
  3 bats
  6 frilled lizards
  3 kobolds
  A quokka skeleton (D:3)
  3 rats
70 creatures vanquished.

Notes
Turn   | Place    | Note
-------+----------+-------------------------------------------
     0 | D:1      | nikopol the Minotaur Berserker began the quest for the Orb.
     0 | D:1      | Reached XP level 1. HP: 19/19 MP: 0/0
    77 | D:1      | Reached skill level 4 in Polearms
    77 | D:1      | Reached XP level 2. HP: 9/27 MP: 1/1
   557 | D:1      | Reached XP level 3. HP: 33/34 MP: 2/2
   906 | D:2      | Found a blossoming altar of Fedhas.
  1009 | D:2      | Reached XP level 4. HP: 24/41 MP: 3/3
  1746 | D:2      | Reached skill level 5 in Polearms
  2084 | D:3      | Noticed Gruesome's ghost (amateur FoFi)
  2100 | D:3      | Reached ** piety under Trog
  2103 | D:3      | Killed Gruesome's ghost
  2103 | D:3      | Reached XP level 5. HP: 19/47 MP: 4/4
  2391 | D:3      | Reached XP level 6. HP: 51/55 MP: 5/5
  2463 | D:3      | Found a bloodstained altar of Trog.
  2555 | D:3      | Found a sacrificial altar of Ru.
  3060 | D:4      | Reached skill level 5 in Fighting
  3091 | D:4      | Reached skill level 6 in Polearms
  3096 | D:4      | Noticed Pikel
  3111 | D:4      | Slain by Pikel

Vault maps used:
D:1:      shiori_shiawase, minmay_tripent
D:2:      fedhas_altar_1
D:3:      overflow_temple_1_default, nicolae_ru_sacrificial_ziggurat
D:4:      lemuel_round_altar, gup_ossuary_entry_pyramid, uniq_pikel

Skill      XL: |  1  2  3  4  5  6 |
---------------+-------------------+-----
Fighting       | 4 5 |  5.0
Polearms       | 4 5 6 |  6.0
Armour         | 4 |  4.8
Dodging        | 3 |  3.4

Action                   |  1- 3 |  4- 6 || total
-------------------------+-------+-------++-------
Melee: Spear             |   111 |   130 ||   241
       Headbutt          |     9 |    22 ||    31
Invok: Berserk           |     1 |     2 ||     3
  Use: Scroll            |       |     6 ||     6
  Eat: Chunk             |       |    10 ||    10
Armor: Scale mail        |    28 |    37 ||    65
Dodge: Dodged            |    35 |    43 ||    78

Table legend:
 A = Spawn XP
 B = Non-spawn XP
 C = Spawn XP percentage of total XP
 D = Spawn monster count
 E = Non-spawn monster count
 F = Spawn count percentage of total count
 G = Total turns spent on level
                    A         B        C        D         E        F      G
               +---------+---------+-------+---------+---------+-------+---------
         Total |       0 |     540 |   0.0 |       0 |      70 |   0.0 |  3111
               +---------+---------+-------+---------+---------+-------+---------
           D:1 |       0 |      45 |   0.0 |       0 |      23 |   0.0 |   867
           D:2 |       0 |     110 |   0.0 |       0 |      21 |   0.0 |  1123
           D:3 |       0 |     248 |   0.0 |       0 |      21 |   0.0 |  1061
           D:4 |       0 |     137 |   0.0 |       0 |       5 |   0.0 |    60
               +---------+---------+-------+---------+---------+-------+---------
